 Dungeon Crawl Stone Soup version 0.21.1-1-g345015f (webtiles) character file.

520 inc the Conjurer (level 7, -1/41 HPs)
             Began as an Octopode Conjurer on June 11, 2018.
             Was an Initiate of Gozag.
             Slain by a centaur warrior zombie (7 damage)
             ... on level 5 of the Dungeon.
             The game lasted 00:05:35 (3145 turns).

inc the Conjurer (Octopode Conjurer)                Turns: 3145, Time: 00:05:37

Health: -1/41      AC:  1    Str:  7      XL:     7   Next: 21%
Magic:  23/23      EV: 13    Int: 19      God:    Gozag
Gold:   126        SH:  0    Dex: 10 (13) Spells: 10/16 levels left

rFire    . . .     SeeInvis .   h - +3 spear (freeze)
rCold    . . .     Gourm    .   (no shield)
rNeg     . . .     Faith    .   (helmet restricted)
rPois    .         Spirit   .   (no amulet)
rElec    .         Reflect  .   m - ring of magical power
rCorr    .         Harm     .   (no ring)
MR       .....                  (no ring)
Stlth    +++.......             (no ring)
HPRegen  0.13/turn              (no ring)
MPRegen  0.18/turn              (no ring)
                                (no ring)
                                (no ring)

@: no status effects
A: almost no armour, stealthy swim, amphibious, 8 rings, constrict 8, camouflage
1, gelatinous body 1
a: Potion Petition, Call Merchant, Bribe Branch, Renounce Religion


You were on level 5 of the Dungeon.
You worshipped Gozag.
Gozag was aware of your devotion.
You were very hungry.

You visited 1 branch of the dungeon, and saw 5 of its levels.

You collected 205 gold pieces.
You paid 79 gold pieces to Gozag.

Inventory:

Hand Weapons
 e - a +0 spear
 h - a +3 spear of freezing (weapon)
 k - a +1 whip of flaming
Jewellery
 m - a ring of magical power (left tentacle)
Wands
 d - a wand of clouds (5)
Scrolls
 f - a scroll of amnesia
 l - 4 scrolls of teleportation
 o - 2 scrolls of remove curse
 r - a scroll of enchant weapon
 s - a scroll of enchant armour
Potions
 c - a potion of lignification {unknown}
 g - 3 potions of haste {unknown}
 i - a potion of magic {unknown}
 j - 2 potions of brilliance {unknown}
 n - a potion of curing {unknown}
 p - a potion of flight {unknown}
 q - a potion of degeneration {unknown}
Books
 a - a book of Conjurations

   Spells                             Type                      Level
   a - Magic Dart                     Conjuration                  1
   b - Searing Ray                    Conjuration                  2
   c - Dazzling Spray                 Conjuration/Hexes            3
   d - Fulminant Prism                Conjuration/Hexes            4
   e - Force Lance                    Conjuration/Translocation    4
   f - Iskenderun's Mystic Blast      Conjuration                  4
Comestibles
 b - 9 rations


   Skills:
 - Level 2.0 Dodging
 - Level 2.6 Stealth
 + Level 5.2 Spellcasting
 + Level 6.5 Conjurations


You had 10 spell levels left.
You knew the following spells:

 Your Spells              Type           Power        Failure   Level  Hunger
a - Magic Dart            Conj           ####         1%          1    None
b - Searing Ray           Conj           ####..       1%          2    #......
c - Dazzling Spray        Conj/Hex       ###...       10%         3    ##.....


Dungeon Overview and Level Annotations

Branches:
Dungeon (5/15)
 Temple: D:4-7

Altars:
Ashenzari
Gozag
Makhleb
Sif Muna
Xom

Annotations:
D:4 Kagorn's ghost, amateur GrBe


Innate Abilities, Weirdness & Mutations

You cannot wear most types of armour.
You are very stealthy in the water. (Stealth+)
You are amphibious.
You can wear up to eight rings at the same time.
You can use your tentacles to constrict eight enemies at once.
Your skin changes colour to match your surroundings (Stealth+).
Your rubbery body absorbs attacks. (AC +1, EV +1)


Message History

The centaur warrior zombie is moderately damaged.
The centaur warrior zombie hits you.
The centaur warrior zombie closely misses you.
You hit the centaur warrior zombie but do no damage.
You squeeze the centaur warrior zombie!
The centaur warrior zombie is moderately damaged.
The centaur warrior zombie hits you.
You hit the centaur warrior zombie.
The centaur warrior zombie is moderately damaged.
The centaur warrior zombie hits you. The centaur warrior zombie hits you!
You hit the centaur warrior zombie.
The centaur warrior zombie is heavily damaged.
The centaur warrior zombie hits you but does no damage.
You hit the centaur warrior zombie.
The centaur warrior zombie is heavily damaged.
The centaur warrior zombie hits you!
* * * LOW HITPOINT WARNING * * *
The centaur warrior zombie hits you!
You die...
Your body crumbles into a pile of gold.

##.##
#'##.......#.#.........
...#
.........#.#.#.........
...#
........#.#.#.........
...# .........#.#.#.#
.... .#..
..##.....#.#.#.# ....
#... #....#.....#.#
.... +...
#......#...#.# #### #
..
#..(...#.#.#'#######.
######
###.@Z.#.#...........
......
##'#.#.#...........
...# #.#.#.#...........
...#.#
#.#.#.#...........
...#.# #+#
#.#.#.#...........
...#.# #.#
#.#.#.#.#'#######.
...#.### #<# #.#.#
#.#....# #. ....... #.#
#.# #.#....#####
.#'#.## ##'#####.#
#.#.........


You could see a centaur warrior zombie.

Vanquished Creatures
  A sky beast (D:4)
  A centaur (D:5)
  A water moccasin skeleton (D:2)
  A quasit (D:5)
  A jelly (D:3)
  An orc wizard (D:3)
  A worker ant (D:4)
  4 gnolls (D:3)
  5 adders
  A shadow imp (D:5)
  An adder skeleton (D:5)
  2 worms
  3 leopard geckos
  9 orcs
  6 giant cockroaches
  5 goblins
  6 hobgoblins
  6 jackals
  2 quokkas
  2 ball pythons (D:1)
  6 bats
  3 frilled lizards
  4 kobolds (D:2)
  11 rats
83 creatures vanquished.

Notes
Turn   | Place    | Note
-------+----------+-------------------------------------------
     0 | D:1      | inc the Octopode Conjurer began the quest for the Orb.
     0 | D:1      | Reached XP level 1. HP: 11/11 MP: 3/3
   223 | D:1      | Reached XP level 2. HP: 17/17 MP: 1/5
   570 | D:2      | Reached XP level 3. HP: 21/21 MP: 4/7
   978 | D:2      | Found a shimmering altar of Xom.
  1045 | D:2      | Found a shattered altar of Ashenzari.
  1135 | D:2      | Reached XP level 4. HP: 27/27 MP: 1/8
  1190 | D:2      | Reached skill level 5 in Conjurations
  1190 | D:2      | Reached XP level 5. HP: 24/31 MP: 3/10
  1488 | D:2      | Learned a level 2 spell: Searing Ray
  1492 | D:2      | Learned a level 3 spell: Dazzling Spray
  1897 | D:3      | Reached XP level 6. HP: 36/36 MP: 12/12
  2235 | D:3      | Found a deep blue altar of Sif Muna.
  2242 | D:3      | Found a burning altar of Makhleb.
  2386 | D:4      | Noticed a sky beast
  2394 | D:4      | Killed a sky beast
  2394 | D:4      | Reached skill level 6 in Conjurations
  2414 | D:4      | Noticed Kagorn's ghost (amateur GrBe)
  2446 | D:5      | Entered Level 5 of the Dungeon
  2597 | D:5      | Reached skill level 5 in Spellcasting
  2597 | D:5      | Reached XP level 7. HP: 24/41 MP: 14/14
  2813 | D:5      | Found an opulent altar of Gozag.
  2821 | D:5      | Became a worshipper of Gozag Ym Sagoz the Greedy
  3145 | D:5      | Slain by a centaur warrior zombie

Skill      XL: |  1  2  3  4  5  6 |
---------------+-------------------+-----
Spellcasting   | 3 4 5 |  5.2
Conjurations   | 5 6 |  6.5
Dodging        | |  2.0
Stealth        | |  2.6

Action                   |  1- 3 |  4- 6 |  7- 9 || total
-------------------------+-------+-------+-------++-------
Melee: Unarmed           |     9 |       |       ||     9
       Constrict         |     7 |     2 |       ||     9
       Tentacles         |     2 |     2 |     2 ||     6
       Spear             |    15 |     4 |    12 ||    31
       Whip              |       |    10 |       ||    10
 Cast: Magic Dart        |    68 |    82 |     1 ||   151
       Searing Ray       |       |     6 |     1 ||     7
  Use: Scroll            |     2 |     5 |       ||     7
 Stab: Sleeping          |     1 |       |       ||     1
       Distracted        |       |     1 |       ||     1
  Eat: Chunk             |       |     4 |     2 ||     6
Armor: Skin              |     1 |     1 |     2 ||     4
Dodge: Dodged            |    13 |    26 |    10 ||    49
